 Dungeon Sprint DCSS version 0.17.0-27-g4a3f43e (webtiles) character file.

32 kosy22 the Ducker (level 3, -7/39 HPs)
             Began as a Troll Fighter on Nov 21, 2015.
             Was an Initiate of Cheibriados.
             Killed by divine providence
             ... invoked by an oklob sapling priest
              (17 damage)
             ... in the Dungeon (Sprint IV: "Fedhas' Mad Dash").
             The game lasted 00:00:40 (90 turns).

kosy22 the Ducker (Troll Fighter)                     Turns: 90, Time: 00:00:40

Health: -7/39      AC:  5    Str: 26    XL:     3   Next: 8%
Magic:  2/2        EV:  9    Int:  5    God:    Cheibriados [......]
Gold:   38         SH:  9    Dex: 10    Spells: 0 memorised, 2 levels left

rFire  . . .     SeeInvis .     a - +0 war axe
rCold  . . .     Clarity  .     b - +0 robe
rNeg   . . .     SustAt   .     c - +0 shield
rPois  .         Gourm    +     (helmet restricted)
rElec  .         Spirit   .     (no cloak)
rCorr  .         Warding  .     (gloves unavailable)
rMut   .         NoTele   +     (boots unavailable)
MR     .....                    (no amulet)
Stlth  +.........               (no ring)
                                (no ring)

@: very slow, not resistant to hostile enchantments, very unstealthy
A: unfitting armour, claws 3, fast metabolism 3, gourmand, regeneration 2,
shaggy fur 1, tough skin 2
a: Bend Time, Renounce Religion


You were in the Dungeon.
You worshipped Cheibriados.
Cheibriados was noncommittal.
You were not hungry.

You visited 1 branch You collected 38 gold pieces.

Inventory:

Hand Weapons
 a - a +0 war axe (weapon)
Armour
 b - a +0 robe (worn)
 c - a +0 shield (worn)
Scrolls
 k - a scroll of blinking
 l - a scroll of identify {unknown}
Potions
 d - a potion of might
 f - a potion of curing
 g - a potion of heal wounds
 h - a potion of haste
 i - 2 potions of magic
 j - a potion of berserk rage
Comestibles
 e - 2 bread rations


   Skills:
 + Level 3.6 Fighting
 + Level 2.3 Axes
 + Level 3.7 Dodging
 + Level 0.3 Stealth
 + Level 3.4 Shields


You had 2 spell levels left.
You didn't know any spells.

Dungeon Overview and Level Annotations

Branches:
Dungeon (1/1)

Altars:
Cheibriados
Dithmenos
Elyvilon
Kikubaaqudgha
Makhleb
Nemelex Xobeh
Ru
Sif Muna
Trog
Vehumet
Zin
The Shining One
Jiyva
Lugonu

Annotations:
D exclusion: 3 oklob saplings


Innate Abilities, Weirdness & Mutations

You are too large for most types of armour.
You have claws for hands.
Your metabolism is lightning-fast.
You like to eat raw meat.
You heal very quickly.
You are covered in fur (AC +1).
You have very tough skin (AC +2).


Message History

Marking area around the oklob sapling priest as unsafe for travelling.
An oklob sapling priest comes into view.
The oklob sapling priest casts a cantrip, but nothing happens.
Found nine altars.
Found a burning altar of Makhleb and a sacrificial altar of Ru.
There is an open door here.
The oklob sapling priest spits acid at you.
The splash of acid hits you!
The acid burns!
* * * LOW HITPOINT WARNING * * *
Found two altars.
The oklob sapling priest casts a cantrip, but nothing happens.
Found a shadowy altar of Dithmenos.
There is a snail-covered altar of Cheibriados here.
You kneel at the altar of Cheibriados.
Cheibriados welcomes you!
Cheibriados begins to support your attributes as your movement slows.
You can now bend time to slow others.
The oklob sapling priest invokes the aid of its god against you.
Something smites you!
You die...

########################
.P#.....#.$...#.⌠.......
..'..†..'.#().'.@._._._.
PP#..%..#P#=..#_._._P_._
############'##._._._._.
+...#.⌠...._..
#$P$########## #####


You could see an oklob sapling priest.

Vanquished Creatures
  A worker ant (D)
  A river rat (D)
  A rat (D)
3 creatures vanquished.

Notes
Turn   | Place    | Note
--------------------------------------------------------------
     0 | D        | kosy22 the Troll Fighter began the quest for the Orb.
     0 | D        | Reached XP level 1. HP: 22/22 MP: 0/0
    17 | D        | Reached skill level 3 in Fighting
    17 | D        | Reached XP level 2. HP: 14/31 MP: 1/1
    26 | D        | Noticed an oklob sapling
    29 | D        | Noticed a worker ant
    43 | D        | Killed a worker ant
    43 | D        | Reached XP level 3. HP: 9/39 MP: 2/2
    83 | D        | Noticed an oklob sapling
    86 | D        | Found a snail-covered altar of Cheibriados.
    86 | D        | Found a glowing silver altar of Zin.
    86 | D        | Found a white marble altar of Elyvilon.
    86 | D        | Found a viscous altar of Jiyva.
    86 | D        | Found a radiant altar of Vehumet.
    86 | D        | Found a deep blue altar of Sif Muna.
    86 | D        | Found an ancient bone altar of Kikubaaqudgha.
    86 | D        | Found a bloodstained altar of Trog.
    86 | D        | Found a corrupted altar of Lugonu.
    86 | D        | Noticed an oklob sapling priest
    87 | D        | Found a burning altar of Makhleb.
    87 | D        | Found a sacrificial altar of Ru.
    88 | D        | Found a glowing golden altar of the Shining One.
    88 | D        | Found a sparkling altar of Nemelex Xobeh.
    89 | D        | Found a shadowy altar of Dithmenos.
    90 | D        | Became a worshipper of Cheibriados the Contemplative
    90 | D        | Killed from afar by an oklob sapling priest

Action                   || total
-------------------------++-------
Melee: War axe           ||    22
